 Dungeon Crawl Stone Soup version 0.16.0-18-g484a79e (webtiles) character file.

128 HungrySpirit the Sneak (level 4, -1/33 HPs)
             Began as a Vampire Artificer on Mar 22, 2015.
             Slain by a giant frog skeleton (7 damage)
             ... on level 3 of the Dungeon.
             The game lasted 00:04:17 (2022 turns).

HungrySpirit the Sneak (Vampire Artificer)          Turns: 2022, Time: 00:04:17

Health: -1/33      AC:  6    Str: 10    XL:     4   Next: 87%
Magic:  5/5        EV: 16    Int: 14    God:
Gold:   136        SH:  0    Dex: 15    Spells: 0 memorised, 3 levels left

rFire  . . .     SeeInvis +     s - +4 quarterstaff (chaos)
rCold  . . .     Clarity  .     a - +2 robe {Archmagi}
rNeg   . . .     SustAb   .     (no shield)
rPois  .         Gourm    .     p - +0 helmet
rElec  .         Spirit   .     t - +0 cloak
rCorr  .         Warding  .     (no gloves)
rMut   .         Stasis   .     (no boots)
MR     .....                    (no amulet)
Stlth  +++.......               (no ring)
                                l - +3 ring of evasion

@: lethally poisoned (-1 -> -1), regenerating quickly, not resistant to hostile
enchantments, fairly stealthy
A: bottle blood, fangs 3, see invisible, unbreathing
a: no special abilities


You were on level 3 of the Dungeon.
You were very full.

You visited 1 branch of the dungeon, and saw 3 of its levels.

You collected 136 gold pieces.

Inventory:

Hand weapons
 s - a +4 quarterstaff of chaos (weapon)
Armour
 a - a +2 robe of the Archmagi (worn)
 e - a +0 leather armour
 p - a +0 helmet (worn)
 t - a +0 cloak (worn)
Jewellery
 l - a +3 ring of evasion (left hand)
Magical devices
 b - a wand of flame (15)
 c - a wand of enslavement (15)
 d - a wand of random effects (9)
Scrolls
 g - 4 scrolls of identify {unknown}
 h - 2 scrolls of enchant armour {unknown}
 i - 2 scrolls of teleportation {unknown}
 n - a scroll of noise {unknown}
 o - a scroll of fear {unknown}
 u - a scroll of amnesia {unknown}
 v - a scroll of random uselessness {unknown}
Potions
 f - a potion of blood
 j - a potion of heal wounds {unknown}
 k - a potion of flight {unknown}
 m - a potion of haste {unknown}
 q - a potion of resistance {unknown}
 r - 2 potions of curing {unknown}


   Skills:
 - Level 2.0 Fighting
   Level 2.8 Short Blades
 * Level 0.7 Staves
 + Level 3.2 Dodging
 + Level 3.7 Stealth
 - Level 2.6 Evocations


You had 3 spell levels left.
You didn't know any spells.

Dungeon Overview and Level Annotations

Branches:
Dungeon (3/15)

Altars:
Xom

Annotations:
D:3 Ijyb


Innate Abilities, Weirdness & Mutations

Your natural rate of healing is unusually fast.
You can bottle blood from corpses.
You have razor-sharp teeth.
You have supernaturally acute eyesight.
You can survive without breathing.


Message History

You barely miss Ijyb.
Ijyb is severely wounded.
You feel sick.
The giant frog skeleton barely misses you.
Ijyb hits you but does no damage.
You closely miss Ijyb.
Ijyb is severely wounded.
Ijyb looks more healthy.
The giant frog skeleton barely misses you.
Ijyb barely misses you. The giant frog skeleton hits you.
* * * LOW HITPOINT WARNING * * *
You barely miss Ijyb.
Ijyb is severely wounded.
The giant frog skeleton hits you.
* * * LOW HITPOINT WARNING * * *
Ijyb closely misses you.
The giant frog skeleton hits you but does no damage.
You sock the giant frog skeleton!
Nothing appears to happen.
You feel sick. Ijyb hits you but does no damage.
The giant frog skeleton hits you!
You die...

#.........#
#.........#
##.........#
...........#
#.........#
#....((...#
##.....<.##
##.....gZ##.#
####.##@)..#
#.####.....#
... .##..
..g. # ....
...$. .


You could see Ijyb and a giant frog skeleton.

Vanquished Creatures
  Crazy Yiuf (D:2)
  Jessica (D:2)
  3 adders (D:2)
  A worm (D:2)
  2 giant geckos (D:2)
  A ball python (D:2)
  8 bats
  7 hobgoblins
  2 jackals (D:1)
  2 kobolds
  2 quokkas (D:2)
  A giant cockroach (D:2)
  6 giant newts
  5 goblins
  7 rats
  4 toadstools (D:1)
53 creatures vanquished.

Vanquished Creatures (others)
  A bat (D:3)
  3 toadstools (D:1)
4 creatures vanquished.

Grand Total: 57 creatures vanquished

Notes
Turn   | Place    | Note
--------------------------------------------------------------
     0 | D:1      | HungrySpirit, the Vampire Artificer, began the quest for the Orb.
     0 | D:1      | Reached XP level 1. HP: 14/14 MP: 1/1
   138 | D:1      | Reached skill level 1 in Fighting
   310 | D:1      | Reached XP level 2. HP: 21/21 MP: 2/2
   785 | D:2      | Reached XP level 3. HP: 9/26 MP: 4/4
   968 | D:2      | Reached skill level 3 in Stealth
  1045 | D:2      | Noticed Crazy Yiuf
  1236 | D:2      | Found a shimmering altar of Xom.
  1257 | D:2      | Killed Crazy Yiuf
  1257 | D:2      | Reached XP level 4. HP: 32/32 MP: 5/5
  1273 | D:2      | Noticed Jessica
  1283 | D:2      | Killed Jessica
  2002 | D:3      | Noticed Ijyb
  2022 | D:3      | Slain by a giant frog skeleton

Action                   |  1- 3 |  4- 6 || total
-------------------------+-------+-------++-------
Melee: Short sword       |   157 |       ||   157
       Quarterstaff      |       |    54 ||    54
Evoke: Wand              |     6 |       ||     6
 Stab: Sleeping          |     2 |     4 ||     6
       Paralysed         |     1 |       ||     1
  Eat: Corpse            |    10 |     4 ||    14
